 Dungeon Crawl Stone Soup version 0.23.2-33-g5129a83184 (webtiles) character file.

Game seed: 13598272315718394553

4905 Jaz the Bludgeoner (level 10, -4/124 HPs)
             Began as a Hill Orc Berserker on June 27, 2019.
             Was a High Priest of Trog.
             Impaled on a porcupine's spines (8 damage)
             ... on level 7 of the Dungeon.
             The game lasted 00:25:34 (8226 turns).

Jaz the Bludgeoner (Hill Orc Berserker)             Turns: 8226, Time: 00:25:35

Health: -4/124     AC:  9    Str: 29    XL:     10   Next: 51%
Magic:  3/3        EV: 10    Int:  7    God:    Trog [*****.]
Gold:   551        SH:  0    Dex: 10    Spells: 9/9 levels left

rFire    . . .     SeeInvis .   C - +2 great mace (antimagic)
rCold    . . .     Gourm    .   (shield currently unavailable)
rNeg     . . .     Faith    .   o - +0 scale mail {rPois}
rPois    +         Spirit   .   (no helmet)
rElec    .         Reflect  .   l - +0 cloak
rCorr    .         Harm     .   g - +0 pair of gloves
MR       .....                  (no boots)
Stlth    ..........             (no amulet)
HPRegen  0.30/turn              (no ring)
MPRegen  0.08/turn              (no ring)

@: berserking, lightly drained, very quick
A: no striking features
a: Berserk, Trog's Hand, Brothers in Arms, Renounce Religion


You were on level 7 of the Dungeon.
You worshipped Trog.
Trog was extremely pleased with you.
You were not hungry.

You visited 1 branch of the dungeon, and saw 8 of its levels.
You also visited: Sewer and Ossuary.

You collected 551 gold pieces.

Inventory:

Hand Weapons
 m - a +1 whip of freezing
 C - a +2 antimagic great mace (weapon)
Missiles
 f - 17 tomahawks (quivered)
 y - 5 curare-tipped needles
 D - 6 silver javelins
Armour
 g - a +0 pair of gloves (worn)
 l - a +0 cloak (worn)
 o - a +0 scale mail of poison resistance (worn)
 w - a +0 leather armour of fire resistance
Jewellery
 i - an uncursed ring of fire {unknown}
Wands
 s - a wand of disintegration (7)
Scrolls
 e - 5 scrolls of identify
 j - 2 scrolls of enchant armour
 n - 3 scrolls of immolation
 q - 4 scrolls of teleportation
 r - a scroll of random uselessness {unknown}
 v - 2 scrolls of fear {unknown}
 x - 3 scrolls of blinking {unknown}
 z - 3 scrolls of enchant weapon {unknown}
 B - a scroll of silence {unknown}
Potions
 a - 2 potions of mutation {unknown}
 b - 3 potions of lignification
 d - 2 potions of curing {unknown}
 h - 9 potions of degeneration
 k - a potion of invisibility {unknown}
 p - a potion of agility {unknown}
 t - 2 potions of resistance {unknown}
 u - 2 potions of magic {unknown}
 A - a potion of might {unknown}
 F - 2 potions of heal wounds {unknown}
Comestibles
 c - 11 rations


   Skills:
 - Level 6.2(5.7) Fighting
 + Level 15.0(14.4) Maces & Flails
 - Level 3.7(3.3) Armour
 - Level 1.5(1.1) Dodging


You had 9 spell levels left.
You didn't know any spells.
Your spell library was empty.

Dungeon Overview and Level Annotations

Branches:
Dungeon (8/15)             Temple (0/1) D:4
   Lair: D:8-11

Altars:
Dithmenos
Fedhas
Gozag
Xom
Yredelemnul
The Shining One


Message History

* * * LOW HITPOINT WARNING * * *
The porcupine bites you.
* * * LOW HITPOINT WARNING * * *
There is a stone staircase leading up here.
The wight closely misses you. The porcupine completely misses you.
The orc warrior hits you from afar with a +0 halberd.
* * * LOW HITPOINT WARNING * * *
You climb upwards.
There is a stone staircase leading down here.
Unknown command.
Okay, then.
A red film seems to cover your vision as you go berserk!
You feel yourself moving faster!
You feel mighty!
You feel quite a bit more hungry. The porcupine bites you!
* * * LOW HITPOINT WARNING * * *
You closely miss the porcupine.
The porcupine is severely wounded.
The porcupine barely misses you.
You are struck by the porcupine's spines.
You die...

...#..........##.#
...#...........#.#
...#.........#.#.#
..##.........#.#.# #########
##############.#.# #........
####'#+### #........
#........# #........
#.....(..# #........
#....[@..# #.(......
###.....r..# #........
#.)))(.....# #........
#(######'### #........ #(#
#.# #........ #.###
#.############.... #((.#
#............'.... ##[(.##
##############....
###.....###..##.##....##....


You could see a porcupine.

Vanquished Creatures
  Harold (D:7)
  A tengu warrior (D:8)
  A hippogriff (D:7)
  2 water moccasins
  An ice beast (D:6)
  A sky beast (D:5)
  A black bear (D:7)
  3 ogres
  3 centaurs (D:5)
  3 big kobolds (D:7)
  6 bullfrogs
  A gnoll sergeant (D:7)
  3 scorpions
  4 howler monkeys
  2 crimson imps
  A centaur zombie (Ossuary)
  2 human zombies (Ossuary)
  An iron imp (D:5)
  3 orc priests
  2 centaur skeletons
  7 hounds
  An iguana (D:2)
  3 orc wizards
  3 gnoll shamans (D:7)
  4 worker ants
  6 mummies (Ossuary)
  A hound skeleton (D:5)
  A hound zombie (D:5)
  9 gnolls
  14 adders
  A shadow imp (D:5)
  19 oozes
  An adder zombie (D:5)
  A worm (D:5)
  A dart slug (D:3)
  19 leopard geckos
  13 orcs
  10 ball pythons
  18 giant cockroaches
  9 goblins
  13 hobgoblins
  11 jackals
  12 kobolds
  6 quokkas
  8 bats
  24 frilled lizards
  A giant cockroach zombie (D:5)
  3 goblin skeletons (D:5)
  A goblin zombie (Ossuary)
  5 hobgoblin zombies (D:5)
  2 jackal skeletons
  A kobold skeleton (D:5)
  2 kobold zombies (Ossuary)
  A leopard gecko skeleton (D:4)
  A leopard gecko zombie (D:5)
  2 orc zombies (Ossuary)
  2 quokka skeletons
  A quokka zombie (D:5)
  4 rats
  2 plants (D:7)
285 creatures vanquished.

Vanquished Creatures (others)
  2 orcs (D:4)
  A frilled lizard (D:4)
  A fungus (D:8)
4 creatures vanquished.

Grand Total: 289 creatures vanquished

Notes
Turn   | Place    | Note
-------+----------+-------------------------------------------
     0 | D:1      | Jaz the Hill Orc Berserker began the quest for the Orb.
     0 | D:1      | Reached XP level 1. HP: 19/19 MP: 1/1
   392 | D:1      | Reached XP level 2. HP: 24/26 MP: 2/2
   398 | D:1      | Reached skill level 4 in Maces & Flails
   678 | D:1      | Reached XP level 3. HP: 25/31 MP: 3/3
   923 | D:2      | Reached ** piety under Trog
   942 | D:2      | Reached skill level 5 in Maces & Flails
   945 | D:2      | Reached XP level 4. HP: 39/39 MP: 4/4
  1225 | D:2      | Reached skill level 6 in Maces & Flails
  1263 | D:2      | Reached XP level 5. HP: 31/45 MP: 5/5
  1795 | D:2      | Reached skill level 7 in Maces & Flails
  2037 | D:3      | Reached XP level 6. HP: 40/51 MP: 6/6
  2050 | D:3      | Reached *** piety under Trog
  2576 | D:4      | Found a shimmering altar of Xom.
  2594 | D:4      | Found a sand-covered staircase.
  2603 | Ossuary  | Entered an ossuary
  2667 | Ossuary  | Reached skill level 8 in Maces & Flails
  2765 | Ossuary  | Reached XP level 7. HP: 17/57 MP: 7/7
  3174 | D:4      | Found a staircase to the Ecumenical Temple.
  3261 | D:4      | Reached skill level 9 in Maces & Flails
  3310 | D:4      | Found an opulent altar of Gozag.
  3515 | D:5      | Entered Level 5 of the Dungeon
  3525 | D:5      | Reached **** piety under Trog
  3638 | D:5      | Reached XP level 8. HP: 21/66 MP: 8/8
  3957 | D:5      | Reached skill level 10 in Maces & Flails
  4406 | D:5      | Reached skill level 11 in Maces & Flails
  4465 | D:5      | Found a glowing golden altar of the Shining One.
  4503 | D:5      | Reached skill level 5 in Fighting
  4659 | D:6      | Found a glowing drain.
  4687 | Sewer    | Entered a sewer
  4899 | Sewer    | Reached ***** piety under Trog
  5046 | Sewer    | Received a gift from Trog
  5111 | Sewer    | Reached XP level 9. HP: 66/75 MP: 9/9
  5372 | D:6      | Found a basalt altar of Yredelemnul.
  5517 | D:6      | Found a shadowy altar of Dithmenos.
  5535 | D:6      | Received a gift from Trog
  6086 | D:7      | Reached skill level 12 in Maces & Flails
  6137 | D:7      | Noticed Harold
  6154 | D:7      | Killed Harold
  6154 | D:7      | Reached skill level 13 in Maces & Flails
  6985 | D:7      | Reached XP level 10. HP: 65/83 MP: 3/10
  7249 | D:7      | Reached skill level 14 in Maces & Flails
  7940 | D:8      | Found a blossoming altar of Fedhas.
  7971 | D:8      | Noticed a tengu warrior
  7989 | D:8      | Killed a tengu warrior
  8012 | D:8      | Reached skill level 15 in Maces & Flails
  8224 | D:7      | HP: 4/124 [porcupine (9)]
  8226 | D:7      | Impaled on a porcupine's spines

Skill      XL: |  1  2  3  4  5  6  7  8  9 10 |
---------------+-------------------------------+-----
Maces & Flails | 4 5 6 7 8 9 11 13 15 | 15.0
Fighting       | 4 5 6 |  6.2
Armour         | 3 |  3.7
Dodging        | |  1.5

Action                   |  1- 3 |  4- 6 |  7- 9 | 10-12 || total
-------------------------+-------+-------+-------+-------++-------
Melee: Mace              |    65 |    77 |       |       ||   142
       Whip              |       |   170 |   469 |       ||   639
       Great mace        |       |       |   104 |   128 ||   232
Invok: Berserk           |     1 |     2 |     4 |     2 ||     9
       Trog's Hand       |       |       |     1 |       ||     1
  Use: Scroll            |       |     3 |     5 |       ||     8
       Potion            |       |       |     2 |       ||     2
  Eat: Chunk             |       |     8 |    11 |     7 ||    26
       Ration            |       |       |     2 |       ||     2
Armor: Animal skin       |    12 |       |       |       ||    12
       Scale mail        |       |   120 |   213 |    63 ||   396
       Skin              |       |       |     4 |       ||     4
Dodge: Dodged            |    47 |   136 |   250 |    71 ||   504
